 Dungeon Crawl Stone Soup version bcrawl-1.34.5 (webtiles) character file.

Game seed: 4816119521445901756

64248 Psun the Magician (level 3, -9/16 HPs)
             Began as a Spriggan Wanderer on Dec 20, 2021.
             Killed from afar by an orc wizard (10 damage)
             ... with a puff of flame
             ... on level 3 of the Dungeon.
             The game lasted 00:26:28 (2908 turns).

Psun the Magician (Spriggan Wanderer)               Turns: 2908, Time: 00:26:29

Health: -9/16      AC:  2    Str:  6    XL:     3   Next: 26%
Magic:  5/10       EV: 17    Int: 15    God:
Gold:   215        SH:  0    Dex: 16    Spells: 8/11 levels left

rFire    . . .     SeeInvis +   a - +0 dagger
rCold    . . .     Gourm    .   (shield restricted)
rNeg     . . .     Faith    .   d - +0 robe
rPois    .         Spirit   .   (helmet restricted)
rElec    .         Reflect  .   (no cloak)
rCorr    .         Harm     .   (gloves unavailable)
MR       .....                  (boots unavailable)
Stlth    ++........             (no amulet)
HPRegen  0.05/turn              (no ring)
MPRegen  0.12/turn              (no ring)

@: infused, very slightly contaminated, very quick
A: very small, unfitting armour, see invisible, herbivore, speed 3, slow
metabolism 2
a: no special abilities


You were on level 3 of the Dungeon.
You were hungry.

You visited 1 branch of the dungeon, and saw 3 of its levels.

You collected 215 gold pieces.

Inventory:

Hand Weapons
 a - a +0 dagger (weapon)
Missiles
 q - 447 sling bullets
 u - 149 stones (quivered)
 y - 69 arrows
 B - 50 poisoned tomahawks
 C - 69 curare-tipped needles
Armour
 d - a +0 robe (worn)
 j - a +0 chain mail
 m - a +0 ring mail
 v - a +0 leather armour
Jewellery
 o - a +6 ring of strength {unknown}
 s - the cursed amulet of Sumel {Inacc rElec, unknown}
   (You found it on level 2 of the Dungeon)

   [amulet of inaccuracy]

   It reduces the accuracy of all your attacks.
   It insulates you from electricity.
   It has a curse placed upon it.
Scrolls
 b - a scroll of teleportation
 g - a scroll of amnesia {unknown}
 i - 2 scrolls of identify
 k - a scroll of remove curse {unknown}
 n - 2 scrolls of magic mapping {unknown}
 t - 3 scrolls of enchant armour {unknown}
 A - a scroll of fog {unknown}
Potions
 c - 2 potions of curing {unknown}
 f - a potion of heal wounds {unknown}
 h - a potion of lignification {unknown}
 l - a potion of agility {unknown}
 p - 2 potions of mutation {unknown}
 r - a potion of might
 w - a potion of cancellation {unknown}
 x - a potion of magic {unknown}
 z - 2 potions of degeneration {unknown}
Comestibles
 e - 2 rations {!d}


   Skills:
 + Level 0.3 Fighting
 * Level 2.4 Short Blades
 - Level 1.0 Throwing
 * Level 1.6 Dodging
 * Level 3.2 Stealth
 + Level 4.6 Spellcasting
 + Level 1.7 Charms
 + Level 1.0 Earth Magic
   Level 1.3 Evocations


You had 8 spell levels left.
You knew the following spells:

 Your Spells              Type           Power        Failure   Level  Hunger
a - Infusion              Chrm           #.......     9%          1    None
b - Passwall              Tmut/Erth      #.......     21%         2    None

Your spell library contained the following spells:

 Spells                   Type           Power        Failure   Level  Hunger
 Sandblast                Erth           #.....       11%         1    None
 Apportation              Tloc           #.....       17%         1    None
 Slow                     Hex            #.......     17%         1    None
 Summon Butterflies       Summ           #.......     17%         1    None
 Stone Arrow              Conj/Erth      #.....       38%         3    ###....
 Petrify                  Tmut/Erth      #.........   80%         4    #####..
 Lee's Rapid Deconstruct  Erth           #.........   97%         5    ######.


Dungeon Overview and Level Annotations

Branches:
Dungeon (3/12)

Altars:
Ashenzari
Cheibriados

Annotations:
D:2 Sigmund


Innate Abilities, Weirdness & Mutations

You are very small and have problems with some larger weapons.
You are too small for most types of armour.
You have supernaturally acute eyesight. (SInv)
You are a herbivore.
You cover ground extremely quickly.
You need to consume almost no food.


Message History

You begin infusing your attacks with magical energy.
The bat barely misses you. The bat barely misses you.
You barely miss the bat. The bat completely misses you.
The bat closely misses you.
You hit the bat.
You kill the bat!
You hit the orc wizard.
The orc wizard is severely wounded.
The orc wizard completely misses you.
You hit the orc wizard.
The orc wizard is almost dead.
The orc wizard hits you with a +0 dagger.
* * * LOW HITPOINT WARNING * * *
You closely miss the orc wizard.
The orc wizard is almost dead.
The orc wizard points at you and mumbles some strange words.
The puff of flame hits you!
Ouch! That really hurt!
You die...

#....######### ..<#
#....#....... ...# #......#...
....## ##..........# .....
..#...>....# #...#
##....#####.# ....##.
.....######.#### #####.......
.....##........######.....!...#
.....##.........@o....##..#..##
.........†.....###....#......#
......#..)..)..###.#....#....#
...............##..#.......#.#
..................##..###.##.#
##.##..........#..............
#.###...##.#####.#.......##.##
#.# ##..##.#........#.#### #
##.# #...#...........<#


You could see an orc wizard (invisible).

Vanquished Creatures
  An ooze (D:3)
  2 leopard geckos
  4 giant cockroaches
  2 hobgoblins
  A jackal (D:2)
  3 quokkas
  A ball python (D:3)
  6 bats
  4 frilled lizards
  4 kobolds
  6 rats
34 creatures vanquished.

Notes
Turn   | Place    | Note
-------+----------+-------------------------------------------
     0 | D:1      | Psun the Spriggan Wanderer began the quest for the Orb.
     0 | D:1      | Psun set off with the following items: a +0 dagger, a
                  | scroll of teleportation, a +0 robe, a ration {!d}; and the
                  | following spells available to memorise: Infusion,
                  | Sandblast, Apportation, Slow, Summon Butterflies, Passwall,
                  | Stone Arrow, Petrify, Lee's Rapid Deconstruction
     0 | D:1      | Reached XP level 1. HP: 9/9 MP: 6/6
   137 | D:1      | Found a shattered altar of Ashenzari.
   226 | D:1      | Learned a level 1 spell: Infusion
   242 | D:1      | Reached skill level 1 in Dodging
   592 | D:1      | Reached XP level 2. HP: 12/13 MP: 8/8
  1400 | D:2      | Noticed Sigmund
  1719 | D:2      | Reached XP level 3. HP: 13/16 MP: 7/10
  1732 | D:2      | Got a crude ruby amulet
  1779 | D:2      | Found a snail-covered altar of Cheibriados.
  2302 | D:3      | Learned a level 2 spell: Passwall
  2772 | D:3      | Found a faded altar of an unknown god.
  2908 | D:3      | Killed from afar by an orc wizard

Skill      XL: |  1  2  3 |
---------------+----------+-----
Dodging        | 1 |  1.6
Stealth        | 2 3 |  3.2
Fighting       | |  0.3
Short Blades   | |  2.4
Throwing       | |  1.0
Spellcasting   | |  4.6
Charms         | |  1.7
Earth Magic    | |  1.0
Evocations     | |  1.3

Action                   || total
-------------------------++-------
Melee: Dagger            ||   191
 Cast: Infusion          ||    19
       Passwall          ||     1
 Stab: Sleeping          ||     6
  Eat: Ration            ||     1
Armor: Robe              ||    18
Dodge: Dodged            ||   142
